 Dungeon Crawl Stone Soup version 0.24.0-37-gcf1ca852f1 (webtiles) character file.

Game seed: 10685672245718941334, levelgen mode: deterministic

46 Cryoshakespeare the Changer (level 3, -2/33 HPs)
             Began as an Ogre Transmuter on Nov 23, 2019.
             Slain by Natasha (14 damage)
             ... on level 2 of the Dungeon.
             The game lasted 00:03:08 (1680 turns).

Cryoshakespeare the Changer (Ogre Transmuter)       Turns: 1680, Time: 00:03:09

Health: -2/33      AC:  2    Str: 15    XL:     3   Next: 68%
Magic:  3/6        EV: 19    Int: 14    God:
Gold:   56         SH:  0    Dex: 14    Spells: 2/6 levels left

rFire    . . .     SeeInvis .     - Unarmed
rCold    . . .     Gourm    .   (shield currently unavailable)
rNeg     . . .     Faith    .   (armour currently unavailable)
rPois    x         Spirit   .   (helmet currently unavailable)
rElec    .         Reflect  .   (cloak currently unavailable)
rCorr    .         Harm     .   (gloves unavailable)
MR       .....                  (boots unavailable)
Stlth    +.........             f - amulet of inaccuracy (curse)
HPRegen  0.11/turn              (no ring)
MPRegen  0.10/turn              (no ring)

@: spider-form
A: tiny, unfitting armour
a: End Transformation


You were on level 2 of the Dungeon.
You were very hungry.
You were a venomous arachnid creature.
You visited 1 branch of the dungeon, and saw 2 of its levels.

You collected 56 gold pieces.

Inventory:

Missiles
 a - 23 arrows
Armour
 b - a +0 robe (melded)
Jewellery
 f - a cursed amulet of inaccuracy (around neck)
Scrolls
 c - 2 scrolls of identify
Potions
 e - a potion of curing
 g - a potion of ambrosia {unknown}
 h - a potion of magic {unknown}
 i - a potion of mutation {unknown}
Comestibles
 d - 4 rations


   Skills:
 - Level 1.3 Fighting
 - Level 1.7 Dodging
 - Level 2.6 Unarmed Combat
 - Level 2.4 Spellcasting
 * Level 3.4 Transmutations
 + Level 0.5 Poison Magic


You had 2 spell levels left.
You knew the following spells:

 Your Spells              Type           Power        Failure   Level  Hunger
a - Beastly Appendage     Tmut           ##....       16%         1    #......
b - Spider Form           Tmut/Pois      #.........   52%         3    ###....

Your spell library contained the following spells:

 Spells                   Type           Power        Failure   Level  Hunger
 Sticks to Snakes         Tmut           ##......     22%         2    ###....
 Ice Form                 Ice/Tmut       #.......     89%         4    #####..
 Blade Hands              Tmut           ##........   94%         5    ######.


Dungeon Overview and Level Annotations

Branches:
Dungeon (2/15)

Altars:

Annotations:
D:2 Natasha


Innate Abilities, Weirdness & Mutations

You are too large for most types of armour.
((You have tough skin. (AC +1)))


Message History

Natasha stares at you and mumbles some strange words.
You resist with some effort.
The shadow imp hits you but does no damage.
You hit Natasha.
Natasha is lightly wounded.
Natasha stares at you and mumbles some strange words.
The magic dart hits you.
You miss Natasha.
Natasha is lightly wounded.
The shadow imp hits you.
Natasha drinks a potion.
Natasha seems to grow stronger.
You barely miss Natasha.
Natasha is lightly wounded.
The shadow imp closely misses you. Natasha casts a spell at you.
The magic dart hits you!
You hit Natasha.
Natasha is poisoned.
Natasha is heavily wounded.
The shadow imp closely misses you. Natasha claws you!
You die...

... ..# .# ..#
.# #.# .#
##.##.## ... ..
#h# .#
#s##.##.#
#5......# #
#.##.#### #.#.#
....# ..###.#)#
.##.#
........#####.#
..............#
.####..#.###.##
.....#.# #.#


You could see Natasha and a shadow imp.

Vanquished Creatures
  An adder (D:1)
  An ooze (D:1)
  A worm (D:2)
  5 bats
  A giant cockroach (D:1)
  4 goblins
  A hobgoblin (D:1)
  2 jackals (D:1)
  2 frilled lizards (D:1)
  7 kobolds
  7 rats
32 creatures vanquished.

Notes
Turn   | Place    | Note
-------+----------+-------------------------------------------
     0 | D:1      | Cryoshakespeare the Ogre Transmuter began the quest for the
                  | Orb.
     0 | D:1      | Reached XP level 1. HP: 19/19 MP: 3/3
    41 | D:1      | Reached skill level 2 in Transmutations
    84 | D:1      | Reached XP level 2. HP: 19/27 MP: 3/5
   816 | D:1      | Reached skill level 3 in Transmutations
   845 | D:1      | Reached XP level 3. HP: 31/33 MP: 6/6
   850 | D:1      | Learned a level 3 spell: Spider Form
  1670 | D:2      | Noticed Natasha
  1680 | D:2      | Slain by Natasha

Levels and vault maps discovered:
D:1:      lightli_arrival_statue_moat, layout_loops_ring,
          hangedman_decor_growths
D:2:      layout_basic, first_ration, uniq_natasha, uniq_terence

Skill      XL: |  1  2 |
---------------+-------+-----
Transmutations | 2 3 |  3.4
Fighting       | |  1.3
Dodging        | |  1.7
Unarmed Combat | |  2.6
Spellcasting   | |  2.4
Poison Magic   | |  0.5

Action                   || total
-------------------------++-------
Melee: Unarmed           ||   162
       Kick              ||     7
       Headbutt          ||     2
 Cast: Beastly Appendage ||    16
       Spider Form       ||     5
  Use: Scroll            ||     1
 Stab: Sleeping          ||     1
  Eat: Chunk             ||     2
Armor: Robe              ||    50
       Skin              ||     6
Dodge: Dodged            ||   127
